 Dungeon Crawl Stone Soup version 0.20.0-15-g7f486f2 (webtiles) character file.

134003 skittles the Destroyer (level 16, -9/149 HPs)
             Began as a Green Draconian Fire Elementalist on June 9, 2017.
             Was the Champion of Vehumet.
             Mangled by the 27-headed Lernaean hydra (12 damage)
             ... on level 4 of the Swamp.
             The game lasted 02:55:22 (49735 turns).

skittles the Destroyer (DrFE)                      Turns: 49735, Time: 02:55:25

Health: -9/149     AC: 18    Str: 11    XL:     16   Next: 61%
Magic:  19/32      EV: 17    Int: 21    God:    Vehumet [******]
Gold:   2519       SH: 13    Dex: 14    Spells: 7/39 levels left

rFire    + + .     SeeInvis .   b - staff of fire
rCold    . . .     Gourm    +   Y - +3 shield {reflect}
rNeg     . . .     Faith    .   (armour unavailable)
rPois    +         Spirit   .   R - +2 hat
rElec    .         Reflect  +   v - +2 cloak "Hiociega" {Int+3 Slay+2}
rCorr    .         Harm     .   Q - +1 pair of gloves of Levity {rC+}
MR       +....     Clarity  +   U - +1 pair of boots
Stlth    ++........             u - amulet of the gourmand
Regen    0.4/turn               Z - ring of fire
MPRegen  0.3/turn               (no ring)

@: very slightly contaminated
A: breathe noxious fumes, unfitting armour, antennae 1, stinger 1, clarity,
deterioration 1, dopey 1, poison resistance, robust 1, cold-blooded, AC +9
a: Breathe Noxious Fumes, Renounce Religion


You were on level 4 of the Swamp.
You worshipped Vehumet.
Vehumet was exalted by your worship.
You were near starving.

You visited 5 branches of the dungeon, and saw 28 of its levels.
You also visited: Ice Cave and Volcano.

You collected 3000 gold pieces.
You spent 481 gold pieces at shops.

Inventory:

Hand Weapons
 a - a +9 war axe of electrocution
 X - a +0 trident of flaming
Missiles
 x - a throwing net (quivered)
Armour
 m - a scarf of cloud immunity
 v - the +2 cloak "Hiociega" (worn) {Int+3 Slay+2}
   (You acquired it on level 5 of the Lair of Beasts)

   It affects your intelligence (+3).
   It affects your accuracy and damage with ranged weapons and melee attacks
   (+2).
 Q - the +1 pair of gloves of Levity (worn) {rC+}
   (You found it on level 4 of the Lair of Beasts)

   It protects you from cold.
 R - a +2 hat (worn)
 U - a +1 pair of boots (worn)
 Y - a +3 shield of reflection (worn)
Magical Staves
 b - an uncursed staff of fire (weapon)
Jewellery
 i - a +3 ring of slaying
 j - an uncursed ring of flight
 p - an uncursed amulet of rage
 u - an amulet of the gourmand (around neck)
 D - the ring "Gahosisko" {Str+7 Slay-4 SInv Stlth-}
   (You found it on level 6 of the Dungeon)

   [ring of see invisible]

   It affects your strength (+7).
   It affects your accuracy and damage with ranged weapons and melee attacks
   (-4).
   It lets you see invisible.
   It makes you less stealthy.
 K - an uncursed ring of protection from cold
 M - an uncursed ring of protection from magic
 N - an uncursed ring of protection from magic
 Z - a ring of fire (left hand)
Wands
 h - a wand of digging (19/24)
Scrolls
 c - 5 scrolls of identify
 d - 9 scrolls of amnesia
 g - 14 scrolls of teleportation
 q - 15 scrolls of remove curse
 s - 6 scrolls of magic mapping
 w - 3 scrolls of fog
 A - 2 scrolls of fear
 H - 2 scrolls of recharging
Potions
 e - 3 potions of berserk rage
 k - 15 potions of curing
 n - 10 potions of brilliance
 o - 7 potions of agility
 r - 6 potions of magic
 t - 2 potions of mutation
 z - 2 potions of haste
 E - 2 potions of lignification
 F - 5 potions of might
 G - a potion of flight
Miscellaneous
 l - a box of beasts
Comestibles
 f - 9 royal jellies
 B - a meat ration
 I - 7 fruits


   Skills:
 - Level 10.6 Fighting
 + Level 13.8 Axes
 - Level 10.0 Dodging
 - Level 1.7 Stealth
 + Level 6.6 Shields
 - Level 12.0 Spellcasting
 - Level 14.0 Conjurations
 - Level 12.0 Fire Magic


You had 7 spell levels left.
You knew the following spells:

 Your Spells              Type           Power        Failure   Level  Hunger
a - Bolt of Fire          Conj/Fire      ########..   3%          6    #####..
b - Conjure Flame         Conj/Fire      ########     1%          3    None
c - Sticky Flame          Conj/Fire      ########     1%          4    None
d - Fireball              Conj/Fire      ########..   1%          5    ####...
e - Sandblast             Erth           ##....       4%          1    None
f - Sting                 Conj/Pois      ####         1%          1    None
g - Ignite Poison         Fire/Tmut/Pois ######..     2%          3    None
h - Mephitic Cloud        Conj/Pois/Air  ####....     1%          3    None
i - Apportation           Tloc           ##....       16%         1    None
j - Throw Icicle          Conj/Ice       #####...     2%          4    None
k - Flame Tongue          Conj/Fire      #####        1%          1    None


Dungeon Overview and Level Annotations

Branches:
Dungeon (15/15)            Temple (1/1) D:4            Lair (6/6) D:10
  Swamp (4/4) Lair:4       Spider (0/4) Lair:3        Slime (0/5) Lair:6
    Orc (2/2) D:12            Elf (0/3) Orc:2        Vaults (0/5) D:14
 Depths (0/5) D:15

Altars:
Ashenzari
Cheibriados
Dithmenos
Elyvilon
Fedhas
Gozag
Hepliaklqana
Kikubaaqudgha
Makhleb
Nemelex Xobeh
Okawaru
Qazlal
Ru
Sif Muna
Uskayaw
Vehumet
Xom
Yredelemnul
Zin
The Shining One

Shops:
D:7 !   Orc:2 [*:!

Portals:
Pandemonium: Orc:2

Annotations:
D:5 1 runed door
Swamp:4 Lernaean hydra


Innate Abilities, Weirdness & Mutations

You can breathe blasts of noxious fumes.
Your lurid green scales are hard. (AC +9)
You cannot fit into any form of body armour.
Your tail ends in a poisonous barb.
Your system is resistant to poisons. (rPois)
You are cold-blooded and may be slowed by cold attacks.
You have a pair of small antennae on your head.
You possess an exceptional clarity of mind.
Your body sometimes deteriorates upon taking damage.
You are dopey. (Int -2)
You are robust. (+10% HP)


Message History

The 27-headed Lernaean hydra bites you but does no damage. x3
You block the 27-headed Lernaean hydra's attack.
The 27-headed Lernaean hydra bites you but does no damage. x2
The 27-headed Lernaean hydra bites you!
* * * LOW HITPOINT WARNING * * *
You block the 27-headed Lernaean hydra's attack. x2
The 27-headed Lernaean hydra bites you!
* * * LOW HITPOINT WARNING * * *
The 27-headed Lernaean hydra completely misses you.
The 27-headed Lernaean hydra bites you.
* * * LOW HITPOINT WARNING * * *
The 27-headed Lernaean hydra completely misses you.
The 27-headed Lernaean hydra bites you but does no damage. x2
The 27-headed Lernaean hydra bites you.
* * * LOW HITPOINT WARNING * * *
The 27-headed Lernaean hydra bites you.
* * * LOW HITPOINT WARNING * * *
The 27-headed Lernaean hydra bites you but does no damage. x2
The 27-headed Lernaean hydra bites you!
You die...

♣≈≈.≈≈≈≈≈≈≈≈≈.≈≈≈≈≈♣
♣≈≈≈...≈≈≈≈≈≈.≈≈≈≈.♣
♣♣..≈≈.....<....§≈≈≈♣
♣♣≈≈≈..§≈..†≈≈..§≈≈.♣♣♣
♣.≈≈≈.≈....♣♣♣..≈≈≈≈≈§♣♣
..≈≈≈.♣♣≈≈♣♣ ♣≈♣≈≈≈≈≈≈.≈
≈≈≈≈.♣.≈.♣♣ ♣♣♣.≈≈≈≈≈≈.
≈≈≈≈≈..≈≈≈♣ ♣≈≈≈≈≈≈≈≈≈
≈≈..≈≈...♣♣ ♣♣@≈≈≈≈≈.≈≈
♣ ≈....≈≈♣♣♣
♣♣♣≈.D≈≈≈.≈≈. ♣♣♣♣
≈♣♣♣.≈♣ ♣≈....≈≈≈..♣♣♣
♣♣♣≈≈♣ ≈§≈≈
♣♣.≈≈≈≈≈≈≈.♣♣≈♣♣♣..≈≈≈
≈≈F≈≈
♣≈.§≈≈≈≈≈J≈♣.J≈.♣..J≈≈
F≈≈≈
♣♣.≈≈≈≈.≈≈.J§Jv.♣J§≈≈≈
♣♣≈≈≈≈≈≈≈≈J§....♣≈≈≈≈
♣≈.≈≈§...v.≈≈.≈♣♣.≈≈≈
♣♣.≈≈≈♣♣♣≈§≈≈≈♣♣♣≈...


You could see the 27-headed Lernaean hydra, a large slime creature, a slime
creature, a friendly slime creature and a friendly insubstantial wisp.

Vanquished Creatures
  Jorgrun (Swamp:3)
  A thorn hunter (Swamp:1)
  Donald (Swamp:3)
  A fire giant (D:14)
  3 very ugly things
  A red draconian (Lair:4)
  An ettin (shapeshifter) (D:14)
  2 fire dragons
  2 yaktaur captains (D:14)
  Harold (Lair:3)
  A rakshasa (D:14)
  12 hydras
  3 centaur warriors
  5 two-headed ogres
  An anaconda (shapeshifter) (D:15)
  6 alligators
  The ghost of theemperora the Cruncher, a journeyman GrGl of Uskayaw (Swamp:1)
  3 death yaks (Lair:6)
  A vampire mage (D:15)
  9 orc high priests (Orc:2)
  Urug (Lair:4)
  The ghost of grisnicke the Archer, a novice TeAM of Okawaru (D:8)
  Nergalle (Lair:4)
  A fire crab (Lair:6)
  3 swamp dragons
  6 unseen horrors
  A gelid demonspawn (Orc:2)
  A spriggan druid (Swamp:2)
  A deep troll (D:14)
  A wizard (D:14)
  A necromancer (D:15)
  A shambling mangrove (Swamp:3)
  5 orc knights
  A manticore (D:14)
  A shining eye (Lair:6)
  4 orc sorcerers
  2 deep elf magi (D:12)
  10 ugly things
  A tengu skeleton (D:15)
  2 cyclopes
  5 black mambas
  A moth of wrath (shapeshifter) (D:15)
  5 ice statues (IceCv)
  4 centaur zombies
  2 molten gargoyles (Lair:6)
  A guardian serpent (D:15)
  19 spiny frogs
  2 torpor snails (Lair:5)
  A gargoyle (D:10)
  A redback zombie (D:15)
  7 komodo dragons
  An efreet (D:15)
  A yaktaur (Volcano)
  An anaconda simulacrum (IceCv)
  A hellwing (Orc:2)
  A kobold demonologist (D:13)
  An ice devil (Orc:2)
  2 rime drakes
  2 guardian mummies (D:15)
  A red devil (Orc:2)
  7 hornets
  3 meliai (D:15)
  8 tyrant leeches
  9 trolls
  4 polar bears
  Prince Ribbit (Lair:3)
  3 bog bodies
  17 slime creatures
  An ice dragon zombie (D:15)
  23 dream sheep (Lair:6)
  17 blink frogs
  Sigmund (D:5)
  4 hippogriffs
  2 spriggans
  A fire dragon skeleton (D:15)
  3 dire elephant simulacra (IceCv)
  9 wyverns
  4 water elementals (D:14)
  A spriggan skeleton (D:15)
  40 yaks
  10 basilisks
  4 wraiths
  Menkaure (D:5)
  A neqoxec (Orc:2)
  A hungry ghost (D:8)
  17 vampire mosquitoes
  2 steam dragons
  An iron troll simulacrum (IceCv)
  15 insubstantial wisps
  2 wargs (Orc:2)
  A soldier ant (D:14)
  11 swamp worms
  5 acid dragons
  4 hell hounds (Lair:6)
  14 water moccasins
  2 hydra simulacra (IceCv)
  8 porcupines
  35 orc warriors
  5 swamp drakes
  14 ice beasts
  2 sky beasts
  2 phantoms
  3 hornet zombies
  4 black bears
  2 ettin simulacra (IceCv)
  A necrophage (D:12)
  An eye of draining (D:9)
  10 centaurs
  12 wolves
  5 ogres
  5 boggarts
  11 crocodiles
  2 big kobolds (D:13)
  19 bullfrogs
  Blork the orc (D:5)
  A gnoll sergeant (D:9)
  2 wyvern zombies
  A wyvern skeleton (D:14)
  A scorpion (D:9)
  19 killer bees
  11 wights
  3 vampire bats (D:13)
  6 howler monkeys
  2 electric eels (Lair:3)
  5 lava snakes (Lair:6)
  5 bullfrog zombies
  11 crimson imps
  A bullfrog skeleton (D:4)
  2 jellies
  24 orc priests
  4 hounds
  5 centaur skeletons
  Jessica (D:3)
  28 orc wizards
  Ijyb (D:3)
  11 iguanas
  10 worker ants
  A hound zombie (D:8)
  A hound skeleton (D:6)
  2 worker ant zombies
  A howler monkey skeleton (D:4)
  5 gnolls (D:9)
  10 adders
  6 shadow imps
  A white imp (D:11)
  3 worms
  8 dart slugs
  7 leopard geckos
  77 orcs
  13 bats
  A giant cockroach (D:5)
  6 goblins
  9 hobgoblins
  20 jackals
  3 quokkas
  2 ball pythons
  5 frilled lizards
  A giant cockroach zombie (D:5)
  11 kobolds
  A kobold skeleton (D:5)
  2 leopard gecko skeletons
  A quokka skeleton (D:5)
  A quokka zombie (D:5)
  27 rats
  A bush (D:14)
  A fungus (Lair:6)
  3 plants
  A withered plant (D:15)
936 creatures vanquished.

Vanquished Creatures (collateral kills)
  3 killer bees (D:10)
3 creatures vanquished.

Vanquished Creatures (others)
  An ugly thing (D:11)
  A water elemental (D:14)
  A golden eye (shapeshifter) (D:14)
  A shadow imp (D:12)
  2 bushes
  41 fungi
  8 plants
55 creatures vanquished.

Grand Total: 994 creatures vanquished

Notes
Turn   | Place    | Note
-------+----------+-------------------------------------------
     0 | D:1      | skittles the Draconian Fire Elementalist began the quest for the Orb.
     0 | D:1      | Reached XP level 1. HP: 14/14 MP: 3/3
   484 | D:1      | You fall through a shaft!
   741 | D:1      | Reached XP level 2. HP: 15/20 MP: 3/5
  1567 | D:1      | HP: 1/20 [leopard gecko (4)]
  1591 | D:1      | Reached XP level 3. HP: 3/26 MP: 2/6
  1935 | D:1      | Reached skill level 2 in Conjurations
  2931 | D:1      | Gained mutation: You are robust. (+10% HP) [potion of mutation]
  2931 | D:1      | Gained mutation: You possess an exceptional clarity of mind. [potion of mutation]
  2931 | D:1      | Gained mutation: Your body sometimes deteriorates upon taking damage. [potion of mutation]
  2931 | D:1      | Gained mutation: You have a pair of small antennae on your head. [potion of mutation]
  2937 | D:1      | Learned a level 3 spell: Conjure Flame
  3601 | D:2      | Reached XP level 4. HP: 36/36 MP: 4/7
  4243 | D:3      | Reached skill level 3 in Conjurations
  4363 | D:3      | Noticed a centaur
  4378 | D:3      | Killed a centaur
  4378 | D:3      | Reached skill level 5 in Fire Magic
  4378 | D:3      | Reached XP level 5. HP: 28/41 MP: 0/8
  4458 | D:3      | Found a sacrificial altar of Ru.
  4593 | D:3      | Noticed Jessica
  4601 | D:3      | Killed Jessica
  4793 | D:3      | Noticed Ijyb
  4795 | D:3      | Found an iron altar of Okawaru.
  4821 | D:3      | Killed Ijyb
  4821 | D:3      | Reached skill level 4 in Conjurations
  4987 | D:3      | Learned a level 4 spell: Sticky Flame
  5110 | D:3      | Reached XP level 6. HP: 48/49 MP: 9/9
  5133 | D:3      | Found a glowing golden altar of the Shining One.
  5369 | D:4      | Found a shattered altar of Ashenzari.
  5404 | D:4      | Found a hide-covered altar of Uskayaw.
  5419 | D:4      | Found an opulent altar of Gozag.
  5753 | D:4      | Found a staircase to the Ecumenical Temple.
  5854 | Temple   | Entered the Ecumenical Temple
  5997 | D:4      | Found a shadowy altar of Dithmenos.
  6327 | D:5      | Entered Level 5 of the Dungeon
  6327 | D:5      | Found a runed door.
  6327 | D:5      | Noticed a human
  6331 | D:5      | Noticed Sigmund
  6337 | D:5      | Killed Sigmund
  6337 | D:5      | Your scales start taking on a lurid green colour.
  6337 | D:5      | Reached XP level 7. HP: 36/55 MP: 0/11
  6337 | D:5      | Gained mutation: Your system is resistant to poisons. (rPois) [Green Draconian growth]
  6495 | D:5      | Noticed Blork the orc
  6506 | D:5      | Killed Blork the orc
  6506 | D:5      | Reached skill level 5 in Conjurations
  6583 | D:5      | Found a basalt altar of Yredelemnul.
  7078 | D:5      | Noticed Menkaure
  7093 | D:5      | Killed Menkaure
  7283 | D:5      | Found an ancient bone altar of Kikubaaqudgha.
  7646 | D:5      | Reached XP level 8. HP: 53/62 MP: 14/14
  7925 | D:6      | Learned a level 5 spell: Fireball
  8228 | D:6      | Got an ancient granite ring
  8251 | D:6      | Identified the ring "Gahosisko" {Str+7 Slay-4 SInv Stlth-} (You found it on level 6 of the Dungeon)
  8259 | D:6      | Reached skill level 6 in Conjurations
  8873 | D:7      | Found an ancient bone altar of Kikubaaqudgha.
  8940 | D:7      | Noticed a hippogriff
  8947 | D:7      | Killed a hippogriff
  8947 | D:7      | Reached skill level 5 in Spellcasting
  9069 | D:7      | Found Budommau's Distillery.
  9078 | D:7      | Bought a potion of might for 52 gold pieces
  9078 | D:7      | Bought a potion of magic for 104 gold pieces
  9078 | D:7      | Bought a potion of flight for 39 gold pieces
  9078 | D:7      | Bought a potion of brilliance for 52 gold pieces
  9078 | D:7      | Bought a potion of invisibility for 104 gold pieces
  9450 | D:7      | Reached skill level 7 in Conjurations
  9692 | D:7      | Reached XP level 9. HP: 62/68 MP: 17/17
 10162 | D:8      | Noticed a two-headed ogre
 10187 | D:8      | Killed a two-headed ogre
 10187 | D:8      | Reached skill level 8 in Conjurations
 11040 | D:8      | Noticed grisnicke's ghost (novice TeAM)
 11125 | D:7      | Bought a potion of heal wounds for 65 gold pieces
 11125 | D:7      | Bought a potion of heal wounds for 65 gold pieces
 11179 | D:8      | Killed grisnicke's ghost
 11179 | D:8      | Reached XP level 10. HP: 40/75 MP: 12/21
 11464 | D:8      | Reached skill level 9 in Conjurations
 13203 | D:9      | Reached skill level 10 in Fire Magic
 13539 | D:9      | Found a glowing golden altar of the Shining One.
 13911 | D:9      | Found a radiant altar of Vehumet.
 13921 | D:9      | Became a worshipper of Vehumet
 14130 | D:9      | Found a burning altar of Makhleb.
 14469 | D:9      | Noticed a two-headed ogre
 14485 | D:9      | Killed a two-headed ogre
 14485 | D:9      | Reached skill level 10 in Conjurations
 14537 | D:9      | Noticed a two-headed ogre
 14561 | D:9      | Killed a two-headed ogre
 14561 | D:9      | Reached XP level 11. HP: 55/81 MP: 0/23
 15237 | D:9      | Found a blossoming altar of Fedhas.
 15342 | D:10     | Entered Level 10 of the Dungeon
 15798 | D:10     | Reached * piety under Vehumet
 15798 | D:10     | Offered knowledge of Sandblast by Vehumet.
 15801 | D:10     | Learned a level 1 spell: Sandblast
 16384 | D:10     | Reached ** piety under Vehumet
 16384 | D:10     | Offered knowledge of Sting by Vehumet.
 16394 | D:10     | Learned a level 1 spell: Sting
 16638 | D:10     | Noticed an unseen horror
 16641 | D:10     | Killed an unseen horror
 17112 | D:10     | Found a staircase to the Lair.
 17310 | Lair:1   | Entered Level 1 of the Lair of Beasts
 17324 | Lair:1   | Reached skill level 11 in Conjurations
 17331 | Lair:2   | Reached skill level 10 in Spellcasting
 19052 | Lair:1   | Reached XP level 12. HP: 72/89 MP: 14/26
 19787 | Lair:1   | Identified the Guide on Sinister Aid
 19921 | Lair:1   | Offered knowledge of Throw Frost by Vehumet.
 20882 | Lair:2   | Reached skill level 12 in Conjurations
 21301 | Lair:3   | Noticed Prince Ribbit
 21303 | Lair:3   | Killed Prince Ribbit
 21311 | Lair:3   | Reached *** piety under Vehumet
 21638 | Lair:3   | Noticed Harold
 21646 | Lair:3   | Killed Harold
 21685 | Lair:3   | Noticed a five-headed hydra
 21695 | Lair:3   | Killed a five-headed hydra
 21695 | Lair:3   | Reached skill level 13 in Conjurations
 21704 | Lair:3   | Noticed a four-headed hydra
 21747 | Lair:3   | Killed a four-headed hydra
 22000 | Lair:3   | Found a hole to the Spider Nest.
 22555 | Lair:2   | Noticed an eight-headed hydra
 22558 | Lair:2   | Killed an eight-headed hydra
 22809 | Lair:4   | Found a dark tunnel.
 22818 | Volcano  | Entered a volcano
 22836 | Volcano  | Noticed a centaur warrior
 22851 | Volcano  | Killed a centaur warrior
 22912 | Volcano  | Noticed a red draconian
 22984 | Lair:3   | Reached skill level 14 in Conjurations
 23273 | Lair:4   | Offered knowledge of Ignite Poison by Vehumet.
 23444 | Lair:3   | Learned a level 3 spell: Ignite Poison
 23891 | D:11     | Reached skill level 1 in Fighting
 23891 | D:11     | Reached skill level 1 in Shields
 24337 | D:11     | Noticed a seven-headed hydra
 24347 | D:11     | Killed a seven-headed hydra
 24569 | D:11     | Reached **** piety under Vehumet
 25104 | D:11     | Reached XP level 13. HP: 71/102 MP: 17/27
 25484 | D:12     | Found a staircase to the Orcish Mines.
 25602 | D:12     | Offered knowledge of Mephitic Cloud by Vehumet.
 25607 | D:12     | Learned a level 3 spell: Mephitic Cloud
 26155 | D:12     | Found a blossoming altar of Fedhas.
 27670 | D:13     | Reached skill level 5 in Fighting
 28124 | D:13     | Reached ***** piety under Vehumet
 28348 | Lair:1   | Learned a level 1 spell: Apportation
 28572 | D:13     | Offered knowledge of Throw Icicle by Vehumet.
 28578 | D:13     | Learned a level 4 spell: Throw Icicle
 28759 | D:14     | Reached skill level 1 in Axes
 28858 | D:14     | Noticed a fire dragon
 29089 | Lair:4   | Found a staircase to the Swamp.
 29147 | Lair:4   | Reached skill level 5 in Dodging
 29154 | Lair:4   | Reached skill level 5 in Shields
 29388 | Lair:4   | Got a pair of slimy gloves
 29399 | Lair:4   | Identified the +1 pair of gloves of Levity {rC+} (You found it on level 4 of the Lair of Beasts)
 29449 | Lair:4   | Noticed Urug
 29506 | Lair:4   | Killed Urug
 30248 | Lair:4   | Noticed Nergalle
 30500 | Lair:4   | Killed Nergalle
 31153 | Lair:5   | Identified a scroll of acquirement
 31155 | Lair:5   | Got a scorched cloak
 31166 | Lair:5   | Identified the +2 cloak "Hiociega" {Int+3 Slay+2} (You acquired it on level 5 of the Lair of Beasts)
 31617 | Lair:6   | Entered Level 6 of the Lair of Beasts
 31889 | Lair:6   | Learned a level 6 spell: Bolt of Fire
 32419 | Lair:6   | Offered knowledge of Airstrike by Vehumet.
 32635 | Lair:6   | Gained mutation: Your tail ends in a poisonous barb. [Green Draconian growth]
 32635 | Lair:6   | Reached XP level 14. HP: 124/124 MP: 13/28
 33112 | Lair:6   | Reached skill level 5 in Axes
 33829 | Lair:6   | Found a large runed door.
 34328 | Lair:6   | Found a staircase to the Slime Pits.
 34377 | Lair:6   | Gained mutation: You are dopey. (Int -2) [a shining eye]
 35061 | Lair:6   | Found a large runed door.
 36394 | D:14     | Offered knowledge of Ozocubu's Refrigeration by Vehumet.
 36779 | D:14     | Noticed a fire giant
 36998 | D:14     | Killed a fire giant
 38648 | D:14     | Reached skill level 10 in Fighting
 38809 | D:14     | Found a gate to the Vaults.
 38857 | D:15     | Entered Level 15 of the Dungeon
 38940 | D:15     | Reached XP level 15. HP: 123/138 MP: 21/29
 38944 | D:15     | Found a staircase to the Depths.
 39704 | D:15     | Found a blossoming altar of Fedhas.
 40208 | Orc:1    | Entered Level 1 of the Orcish Mines
 40745 | Orc:2    | Entered Level 2 of the Orcish Mines
 41380 | Orc:2    | Found a staircase to the Elven Halls.
 41459 | Orc:2    | Found Ucykan's Distillery.
 41463 | Orc:2    | Found Riarysmont's General Store.
 42239 | Orc:2    | Reached skill level 10 in Dodging
 42555 | Orc:2    | Reached skill level 10 in Axes
 42680 | Orc:2    | Offered knowledge of Spellforged Servitor by Vehumet.
 43295 | Orc:2    | Found Nyecsut's Antique Armour Boutique.
 43295 | Orc:2    | Found Moxte's Book Shop.
 43295 | Orc:2    | Found a one-way gate leading to the halls of Pandemonium.
 43568 | Swamp:1  | Entered Level 1 of the Swamp
 43572 | Swamp:1  | Noticed theemperora's ghost (journeyman GrGl)
 43833 | Swamp:1  | Killed theemperora's ghost
 43918 | Swamp:1  | Found a frozen archway.
 43948 | IceCv    | Entered an ice cave
 44754 | Swamp:1  | You fall through a shaft!
 45142 | Swamp:2  | Reached XP level 16. HP: 147/147 MP: 27/31
 45389 | Swamp:1  | Noticed a thorn hunter
 45394 | Swamp:1  | Killed a thorn hunter
 45650 | Swamp:1  | Offered knowledge of Freezing Cloud by Vehumet.
 47344 | Swamp:3  | Noticed Donald
 47346 | Swamp:3  | Killed Donald
 47888 | Swamp:3  | Reached ****** piety under Vehumet
 48454 | Swamp:3  | Noticed Jorgrun
 48553 | Swamp:3  | Killed Jorgrun
 49152 | Swamp:4  | Entered Level 4 of the Swamp
 49696 | Swamp:4  | Noticed the 27-headed Lernaean hydra
 49735 | Swamp:4  | HP: 7/149 [the 27-headed Lernaean hydra (5)]
 49735 | Swamp:4  | HP: 3/149 [the 27-headed Lernaean hydra (1)]
 49735 | Swamp:4  | Mangled by the 27-headed Lernaean hydra

Skill      XL: |  1  2  3  4  5  6  7  8  9 10 11 12 13 14 15 16 |
---------------+-------------------------------------------------+-----
Conjurations   | 2 3 4 5 7 8 10 11 14 | 14.0
Fire Magic     | 4 5 6 7 9 10 11 12 | 12.0
Spellcasting   | 3 4 5 7 8 10 11 12 | 12.0
Fighting       | 2 7 10 | 10.6
Dodging        | 2 6 8 10 | 10.0
Shields        | 2 5 6 |  6.6
Axes           | 4 8 12 13 | 13.8
Stealth        | |  1.7

Action                   |  1- 3 |  4- 6 |  7- 9 | 10-12 | 13-15 | 16-18 || total
-------------------------+-------+-------+-------+-------+-------+-------++-------
Melee: Dagger            |   132 |    73 |       |       |    80 |       ||   285
       Unarmed           |    14 |       |       |       |       |       ||    14
       Tailslap          |    12 |    14 |    35 |    47 |    83 |    15 ||   206
       Long sword        |       |    63 |    79 |   103 |       |       ||   245
       Trident           |       |       |   173 |    75 |       |       ||   248
       Glaive            |       |       |    88 |       |       |       ||    88
       Flail             |       |       |       |   117 |       |       ||   117
       Whip              |       |       |       |    81 |    86 |       ||   167
       War axe           |       |       |       |       |   427 |   164 ||   591
       Staff             |       |       |       |       |    24 |     5 ||    29
 Cast: Flame Tongue      |    73 |    68 |    99 |   297 |   122 |     2 ||   661
       Sticky Flame      |       |     1 |    20 |   132 |    79 |     5 ||   237
       Conjure Flame     |       |       |     4 |    16 |     8 |     4 ||    32
       Sting             |       |       |       |    32 |     3 |       ||    35
       Fireball          |       |       |       |    23 |    31 |       ||    54
       Bolt of Fire      |       |       |       |       |   260 |    86 ||   346
       Throw Icicle      |       |       |       |       |    63 |       ||    63
       Mephitic Cloud    |       |       |       |       |     4 |       ||     4
       Ignite Poison     |       |       |       |       |     1 |       ||     1
 Abil: Evoke Berserk Rag |       |     1 |       |       |       |       ||     1
       Breathe Noxious F |       |       |     4 |    10 |    16 |       ||    30
       Evoke Flight      |       |       |       |     1 |       |       ||     1
  Use: Scroll            |     7 |     1 |     2 |    11 |    14 |     8 ||    43
       Potion            |     1 |     1 |     1 |     5 |     3 |     2 ||    13
 Stab: Sleeping          |     3 |     3 |     5 |     2 |     2 |       ||    15
       Distracted        |       |       |     1 |       |       |     1 ||     2
       Confused          |       |       |       |     1 |     2 |       ||     3
  Eat: Chunk             |    10 |    17 |    26 |    59 |   135 |    28 ||   275
       Royal jelly       |       |     1 |       |       |       |       ||     1
       Meat ration       |       |       |       |       |     2 |     1 ||     3
       Bread ration      |       |       |       |       |     2 |       ||     2
       Fruit             |       |       |       |       |     5 |     6 ||    11
Armor: Skin              |    49 |    55 |   125 |   181 |   236 |    70 ||   716
Dodge: Dodged            |   120 |   144 |   267 |   369 |   530 |   167 ||  1597
Block: Buckler           |       |       |       |       |   111 |    43 ||   154
       Shield            |       |       |       |       |       |    22 ||    22
       Rpst.: Long sword |       |    32 |    27 |    22 |       |       ||    81
